 Dungeon Crawl Stone Soup version 0.28-a0-909-g796cbd3a86 (webtiles) character file.

Game seed: 16507739552049230144

620 Fenrisus the Gouger (level 7, 31/31 HPs)
             Began as a Felid Fighter on Nov 9, 2021.
             Was an Initiate of Dithmenos.
             Quit the game in the Ecumenical Temple on Nov 25, 2021.
             The game lasted 00:36:29 (8348 turns).

Fenrisus the Gouger (Felid Fighter)                 Turns: 8348, Time: 00:36:29

Health: 31/31      AC:  2    Str: 18    XL:     7   Next: 22%
Magic:  8/8        EV: 20    Int: 11    God:    Dithmenos [......]
Gold:   307        SH:  0    Dex: 16    Spells: 6/6 levels left
                                        Lives:  1   Deaths: 1

rFire   . . .      SeeInvis +     - Unarmed
rCold   . . .      Faith    .   (shield unavailable)
rNeg    . . .      Spirit   +   (armour unavailable)
rPois   .          Reflect  .   (helmet unavailable)
rElec   .          Harm     .   (cloak unavailable)
rCorr   .          Rampage  .   (gloves unavailable)
Will    +....                   (boots unavailable)
Stlth   +++.......              e - amulet of guardian spirit
HPRegen 0.10/turn               b - +6 ring of strength
MPRegen 0.11/turn               (no ring)

@: quick
A: very small, claws 1, fangs 3, see invisible, speed 1, shaggy fur 2, stealthy
paws, no weapons or thrown items, no armour, multi-lived
a: Renounce Religion


You were in the Ecumenical Temple.
You worshipped Dithmenos.
Dithmenos was noncommittal.
You visited 2 branches of the dungeon, and saw 8 of its levels.

You collected 307 gold pieces.

Inventory:

Jewellery
 b - a +6 ring of strength (left paw)
 e - an amulet of guardian spirit (around neck)
 n - a ring of wizardry
 o - a ring of magical power
Scrolls
 a - a scroll of amnesia
 c - a scroll of identify
 d - 3 scrolls of teleportation
 i - a scroll of silence
 j - 2 scrolls of enchant armour
 l - a scroll of summoning {unknown}
 m - a scroll of blinking {unknown}
 p - a scroll of fog {unknown}
Potions
 f - a potion of invisibility
 g - 2 potions of attraction
 h - 5 potions of lignification {unknown}
 k - a potion of brilliance {unknown}


   Skills:
 + Level 3.9 Fighting
 + Level 6.2 Dodging
 + Level 5.5 Stealth
 + Level 8.0 Unarmed Combat


You had 6 spell levels left.
You didn't know any spells.
Your spell library was empty.

Dungeon Overview and Level Annotations

Branches:
Dungeon (7/15)             Temple (1/1) D:7

Altars:
Ashenzari
Cheibriados
Dithmenos
Elyvilon
Fedhas
Gozag
Hepliaklqana
Makhleb
Nemelex Xobeh
Okawaru
Qazlal
Ru
Sif Muna
Trog
Uskayaw
Vehumet
Wu Jian
Xom
Yredelemnul
Zin
The Shining One

Shops:
D:6 =

Annotations:
D:2 Natasha
D:3 Robin
D:5 1 runed translucent door, Pikel; paps's ghost, amateur OpDe


Innate Abilities, Weirdness & Mutations

You have sharp claws.
You have razor-sharp teeth.
You have supernaturally acute eyesight. (SInv)
You cover ground quickly. (Speed+)
You are covered in thick fur. (AC +2)
Your paws help you pounce on unaware monsters.
You are incapable of wielding weapons or throwing items.
You cannot wear armour.
You gain extra lives every three experience levels.


Message History

p - a scroll labelled YCSYEL VAIFO
Found 9 poisoned darts and a leather armour.
Found a staircase to the Ecumenical Temple.
There is a staircase to the Ecumenical Temple here.
You climb downwards.
Welcome to the Ecumenical Temple!
There is a staircase back to the Dungeon here.
Found a white marble altar of Elyvilon.
Found two altars.
Found a stormy altar of Qazlal.
Found a hazy altar of Hepliaklqana.
Found a shimmering altar of Xom.
Found a basalt altar of Yredelemnul and a shadowy altar of Dithmenos.
Found a hide-covered altar of Uskayaw.
Found a bloodstained altar of Trog.
Found an iron altar of Okawaru.
Found a burning altar of Makhleb.
Found an opulent altar of Gozag.
Found a glowing golden altar of the Shining One.
Found a glowing silver altar of Zin.
Found a sacrificial altar of Ru.
Found a blossoming altar of Fedhas and a radiant altar of Vehumet.
Found a sparkling altar of Nemelex Xobeh.
Found a broken altar of Ashenzari.
Found a shimmering blue altar of Sif Muna.
There is a shadowy altar of Dithmenos here.
You sit before the altar of Dithmenos.
Dithmenos welcomes you!
Saving game... please wait.
Welcome back, Fenrisus the Felid Fighter.
Dithmenos says: Spread the eternal night.
Press ? for a list of commands and other information.
Welcome back, Fenrisus the Felid Fighter.
Dithmenos says: Spread the eternal night.
Press ? for a list of commands and other information.
Unknown command.
Saving game... please wait.
Welcome back, Fenrisus the Felid Fighter.
Dithmenos says: Spread the eternal night.
Press ? for a list of commands and other information.
Are you sure you want to abandon this character and quit the game? (Confirm with "yes".)

#############
#####...........#####
####........._.........####
###........_......._........###
#......_..............._......###
................................#
...._...........@........._......
.................................
.................................
.._..........⌠...⌠.........._....
.................................
.................................
._.........⌠...<...⌠........._...
.................................
.................................


There were no monsters in sight!

Vanquished Creatures
  A water moccasin (D:5)
  A necrophage (D:5)
  A hornet zombie (D:6)
  A centaur (D:6)
  A centaur zombie (D:5)
  2 hounds
  2 jellies
  A gnoll shaman (D:6)
  5 iguanas
  An orc wizard (D:4)
  A hound skeleton (D:4)
  2 howler monkey zombies
  10 gnolls
  3 adders
  2 white imps
  An ufetubus (D:5)
  4 worms
  2 dart slugs
  9 orcs
  8 ball pythons
  9 bats
  15 endoplasms
  3 giant cockroaches
  14 goblins
  7 hobgoblins
  2 jackals (D:5)
  7 kobolds
  3 quokkas
  8 frilled lizards
  8 rats
134 creatures vanquished.

Vanquished Creatures (others)
  4 plants
  2 withered plants (D:2)
6 creatures vanquished.

Grand Total: 140 creatures vanquished

Notes
Turn   | Place    | Note
-------+----------+-------------------------------------------
     0 | D:1      | Fenrisus the Felid Fighter began the quest for the Orb.
     0 | D:1      | Reached XP level 1. HP: 10/10 MP: 2/2
   161 | D:1      | Reached XP level 2. HP: 14/14 MP: 3/3
   817 | D:1      | Reached XP level 3. HP: 11/17 MP: 4/4
  1193 | D:2      | Reached skill level 1 in Stealth
  2026 | D:2      | Noticed an ogre
  2105 | D:2      | Found a white marble altar of Elyvilon.
  2139 | D:2      | Found a faded altar of an unknown god.
  2184 | D:2      | Noticed Natasha
  2354 | D:2      | Reached XP level 4. HP: 21/21 MP: 5/5
  2445 | D:3      | Reached skill level 5 in Unarmed Combat
  2820 | D:3      | Noticed Robin
  3972 | D:3      | Reached XP level 5. HP: 7/24 MP: 6/6
  4751 | D:5      | Entered Level 5 of the Dungeon
  4810 | D:5      | Reached skill level 6 in Unarmed Combat
  4987 | D:5      | Noticed Pikel
  4987 | D:5      | Noticed a lemure
  4987 | D:5      | Noticed a lemure
  4987 | D:5      | Noticed a lemure
  4987 | D:5      | Noticed a lemure
  5070 | D:4      | Reached skill level 5 in Dodging
  5070 | D:4      | Gained mutation: You are covered in thick fur. (AC +2)
                  | [Felid growth]
  5070 | D:4      | Reached XP level 6. HP: 16/28 MP: 7/7
  5959 | D:5      | Noticed a water moccasin
  6021 | D:5      | Found a runed translucent door.
  6025 | D:5      | Noticed paps's ghost (amateur OpDe)
  6300 | D:6      | Reached XP level 7. HP: 13/31 MP: 3/8
  6564 | D:5      | Reached skill level 7 in Unarmed Combat
  7134 | D:5      | Reached skill level 5 in Stealth
  7485 | D:6      | Found Raff's Jewellery Emporium.
  7726 | D:6      | Slain by a hornet zombie
  7727 | D:6      | Reached XP level 6. HP: -2/28 MP: 0/7
  8019 | D:6      | Reached XP level 7. HP: 31/31 MP: 8/8
  8067 | D:7      | Reached skill level 8 in Unarmed Combat
  8246 | D:7      | Found a staircase to the Ecumenical Temple.
  8255 | Temple   | Entered the Ecumenical Temple
  8325 | Temple   | Became a worshipper of Dithmenos the Shadowed
  8343 | Temple   | Upgraded the game from 0.28-a0-821-g923ab73998 to
                  | 0.28-a0-834-g1a73be5ee4
  8343 | Temple   | Upgraded the game from 0.28-a0-834-g1a73be5ee4 to
                  | 0.28-a0-909-g796cbd3a86
  8348 | Temple   | Quit the game

Illustrated notes

Levels and vault maps discovered:
D:1:      dpeg_arrival_simpleton_b, layout_rooms, serial_bayou_pond_c,
          minmay_pentomino_u4
D:2:      wad_crossroads, layout_loops_ring,
          shapermc_ecumenical_altar_flowoftime, basic_altar, eino_tiny_chamber,
          chequers_garden, ebering_dispersal_statue_hall,
          kennysheep_decorative_pillar, st_stairs_2, uniq_natasha
D:3:      minmay_chambers_of_threes, layout_basic, uniq_robin
D:4:      layout_loops_cross
D:5:      layout_basic, ebering_ghost_sewer_d, uniq_pikel
D:6:      layout_loops_cross, nicolae_take_the_stairs, minmay_misc_feat_tiny,
          st_stairs_9
D:7:      layout_rooms, kiku_gazebo_pond_becter, lemuel_temple_firewalk_b,
          minmay_misc_feat_diagonals
Temple:   compressed_dpeg_circular_temple

Skill      XL: |  1  2  3  4  5  6  7 |
---------------+----------------------+-----
Stealth        | 1 2 3 4 5 |  5.5
Unarmed Combat | 5 6 8 |  8.0
Dodging        | 5 6 |  6.2
Fighting       | |  3.9

Action                   |  1- 3 |  4- 6 |  7- 9 || total
-------------------------+-------+-------+-------++-------
Melee: Unarmed           |   136 |   176 |    37 ||   349
       Bite              |    18 |    16 |     5 ||    39
       Punch             |     3 |     7 |     2 ||    12
  Use: Scroll            |     4 |     3 |       ||     7
       Potion            |     1 |     5 |       ||     6
 Stab: Sleeping          |     7 |     5 |     2 ||    14
       Distracted        |       |       |     1 ||     1
Armor: Skin              |     9 |     4 |     1 ||    14
Dodge: Dodged            |    86 |   111 |    19 ||   216

Table legend: (Time is in decaauts)
 A = Elapsed time spent in this place.
 B = Non-inter-level travel time spent in this place.
 C = Inter-level travel time spent in this place.
 D = Time resting spent in this place.
 E = Time spent auto-exploring this place.
 F = Levels seen in this place.
 G = Mean time per level.
                   A        B        C        D        E       F      G
               +--------+--------+--------+--------+--------+-----+--------+
         Total |   7311 |   3928 |   3383 |   2678 |      0 |   8 |  913.9 |
       Dungeon |   7236 |   3919 |   3317 |   2678 |      0 |   7 | 1033.7 |
        Temple |     74 |      9 |     65 |      0 |      0 |   1 |   74.0 |
               +--------+--------+--------+--------+--------+-----+--------+

Top non-repeatable levels by time:
     D:5: 1608 daAuts
     D:3: 1557 daAuts
     D:4: 1073 daAuts
     D:2: 1026 daAuts
     D:1: 1018 daAuts
     D:6: 787 daAuts
     D:7: 166 daAuts
  Temple: 74 daAuts
